CLEVELAND Monsters vs MILWAUKEE Admirals

Created - 29 octobre 2018 at 18:24

Goals
1 2 3 T
CLEVELAND Monsters 1 0 1 2
MILWAUKEE Admirals 4 1 1 6
Shots
1 2 3 T
CLEVELAND Monsters 4 10 14 28
MILWAUKEE Admirals 16 12 10 38

1st period

1. CLEVELAND Monsters , Matt Puempel 2 (Brycen Martin 2) at 3:27
2. MILWAUKEE Admirals , Shane Gersich 2 (Michael Spacek 2, Nick Seeler 2) at 9:47
3. MILWAUKEE Admirals , Brendan Guhle 1 (Shane Gersich 2) at 11:51
4. MILWAUKEE Admirals , Brendan Guhle 2 (Jordan Szwarz 5, Paul LaDue 2) at 12:31 (PP)
5. MILWAUKEE Admirals , Tanner Kero 3 (Jordan Szwarz 6, Brendan Guhle 3) at 17:08 (PP)

Penalties :
Michael Bournival (clb) for Hooking (Minor) at 5:05, Frank Corrado (clb) for Diving (Minor) at 11:56, Cody Goloubef (clb) for Roughing (Minor) at 15:19

2nd period

6. MILWAUKEE Admirals , Tanner Kero 4 (Jordan Szwarz 7, Kalle Kossila 3) at 10:31

Penalties :
Duncan Siemens (nsh) for Fighting (Major) at 8:12, Frank Corrado (clb) for Fighting (Major) at 8:12, Tanner Kero (nsh) for Boarding (Minor) at 8:12, Jordan Szwarz (nsh) for Slashing (Minor) at 8:12, Mark Fayne (clb) for Roughing (Minor) at 8:12, Sergey Kalinin (clb) for Roughing (Minor) at 8:12, Kalle Kossila (nsh) for Tripping (Minor) at 8:12, Mark Fayne (clb) for Tripping (Minor) at 10:58, Brycen Martin (clb) for High sticking (Double Minor) at 11:27, Sergey Kalinin (clb) for Hooking (Minor) at 17:05

3rd period

7. MILWAUKEE Admirals , Kalle Kossila 3 (Tanner Kero 6, Jordan Szwarz 8) at 4:46 (PP)
8. CLEVELAND Monsters , Michael Bournival 5 (Kailer Yamamoto 7, Luke Johnson 1) at 8:18

Penalties :
Frank Corrado (clb) for Tripping (Minor) at 4:29, Jordan Szwarz (nsh) for Fighting (Major) at 11:47, Luke Johnson (clb) for Fighting (Major) at 11:47, Paul LaDue (nsh) for Fighting (Major) at 11:47, Michael Bournival (clb) for Fighting (Major) at 11:47, Michael Bournival (clb) for instigated a fight (Game Misconduct) at 11:47, Brendan Guhle (nsh) for Fighting (Major) at 11:47, Frank Corrado (clb) for Fighting (Major) at 11:47, Tanner Kero (nsh) for Roughing (Minor) at 11:47, Kailer Yamamoto (clb) for Cross-checking (Minor) at 11:47, Kalle Kossila (nsh) for High sticking (Minor) at 11:47, Keaton Thompson (nsh) for High sticking (Minor) at 17:48

Goalie Stats

Harri Sateri (clb), 9 saves from 13 shots - (0,692), L, 4-3-2, 17:08 minutes
Michael Hutchinson (clb), 23 saves from 25 shots - (0,920), 42:52 minutes
Kristers Gudlevskis (nsh), 26 saves from 28 shots - (0,929), W, 5-3-0, 60:00 minutes

Players Stats for CLEVELAND Monsters

Player Name              G  A  P  +/- PIM S  H  SB GA TA FO     MP     PP MP  PK MP  
------------------------------------------------------------------------------------
Brent Regner             0  0  0   1  0   0  0  1  0  0  0/0    18:24   0:39   2:29 
Brett Seney              0  0  0  -1  0   4  1  0  0  0  7/15   12:38   0:17   4:32 
Brycen Martin            0  1  1   1  4   1  0  0  0  0  0/0    15:09   0:17   0:33 
Cody Goloubef            0  0  0   0  2   1  2  1  0  0  0/0    22:53   1:03   3:48 
Conor Garland            0  0  0  -1  0   1  0  0  0  0  0/0     4:21   0:20   0:00 
Corey Tropp              0  0  0  -1  0   2  2  0  0  0  0/1    12:11   0:43   0:49 
Frank Corrado            0  0  0  -1  14  2  2  1  0  0  0/0    17:15   1:03   3:55 
Hunter Shinkaruk         0  0  0   0  0   0  0  0  0  0  8/20   16:53   0:17   0:00 
Kailer Yamamoto          0  1  1   1  2   0  1  0  0  0  1/2    15:19   0:39   0:00 
Luke Johnson             0  1  1   1  5   1  0  0  0  0  12/25  18:44   0:43   4:52 
Mark Fayne               0  0  0  -2  4   2  3  1  0  0  0/0    19:26   0:17   4:23 
Matt Puempel             1  0  1   0  0   4  0  0  0  0  1/2    20:20   0:59   1:18 
Michael Bournival        1  0  1   1  19  2  1  0  0  0  0/0    13:53   0:00   2:34 
Ryan Bourque             0  0  0  -1  0   1  0  0  0  0  0/0     4:44   0:43   0:00 
Ryan Kujawinski          0  0  0  -1  0   1  0  0  0  0  4/12   13:08   0:17   1:40 
Sergey Kalinin           0  0  0   0  4   2  2  0  0  0  6/10   20:25   0:59   3:38 
Tom Sestito              0  0  0  -1  0   2  1  0  0  0  2/3    14:44   0:00   3:21 
Tucker Poolman           0  0  0  -1  0   2  0  1  0  0  0/0    24:43   0:39   4:40 

Players Stats for MILWAUKEE Admirals

Player Name              G  A  P  +/- PIM S  H  SB GA TA FO     MP     PP MP  PK MP  
------------------------------------------------------------------------------------
Anders Bjork             0  0  0   0  0   0  0  0  0  0  0/2    19:05   4:27   1:10 
Axel Holmstrom           0  0  0   0  0   1  0  0  0  0  1/3     4:26   0:00   0:00 
Brendan Guhle            2  1  3   0  5   4  2  0  0  0  0/0    19:51   5:53   1:40 
Christian Folin          0  0  0  -1  0   4  4  2  0  0  0/0    23:38   3:37   2:18 
Daniel Catenacci         0  0  0   0  0   0  0  0  0  0  1/2     2:58   0:31   0:00 
Duncan Siemens           0  0  0  -1  5   1  1  0  0  0  0/0    21:00   3:23   1:03 
Henrik Haapala           0  0  0   0  0   0  0  0  0  0  0/1     4:57   0:31   0:00 
John Hayden              0  0  0   0  0   8  3  0  0  0  24/35  24:03   4:27   2:08 
Jordan Szwarz            0  4  4  -1  7   4  2  0  0  0  11/28  19:31   5:40   0:40 
Kalle Kossila            1  1  2  -1  4   2  2  0  0  0  2/2    20:50   5:40   0:00 
Keaton Thompson          0  0  0   2  2   1  2  1  0  0  0/0    15:54   1:03   0:57 
Mario Kempe              0  0  0   0  0   1  1  0  0  0  1/3    20:27   4:27   1:10 
Michael Spacek           0  1  1   2  0   3  1  0  0  0  7/10   13:12   0:00   0:49 
Nicholas Baptiste        0  0  0   2  0   1  1  0  0  0  1/3    13:19   0:31   0:00 
Nick Seeler              0  1  1   2  0   0  1  0  0  0  0/0    15:29   1:22   0:00 
Paul LaDue               0  1  1   0  5   1  2  0  0  0  0/0    20:14   5:58   1:58 
Shane Gersich            1  1  2   2  0   3  0  0  0  0  1/1    12:10   0:00   0:00 
Tanner Kero              2  1  3  -1  4   4  1  0  0  0  0/0    20:50   5:40   0:00 

3 Stars

1 - Shane Gersich (nsh)
2 - Brendan Guhle (nsh)
3 - Tanner Kero (nsh)

Power Play

CLEVELAND Monsters - 0 on 3 Attempt(s) - 0,00%
MILWAUKEE Admirals - 3 on 9 Attempt(s) - 33,33%

Penalty Kill

CLEVELAND Monsters - 6 on 9 Attempt(s) - 66,67% - Score 0 goal in Penalty Kill
MILWAUKEE Admirals - 3 on 3 Attempt(s) - 100,00% - Score 0 goal in Penalty Kill

Team Stat

CLEVELAND Monsters - Hits : 15 - Faceoff Wins : 41 - Blocked Shots : 5 - Penalty Minutes : 54
MILWAUKEE Admirals - Hits : 23 - Faceoff Wins : 49 - Blocked Shots : 3 - Penalty Minutes : 32

Official

Referees : Unknown
Linesman : Unknown

Game Notes

Michael Hutchinson enters game at 17:08 of 1st period
General Fight at 8:12 of 2nd period
Duncan Siemens and Frank Corrado fight to a draw at 8:12 of 2nd period
General Fight at 11:47 of 3rd period
Jordan Szwarz and Luke Johnson fight to a draw at 11:47 of 3rd period
Paul LaDue beats up Michael Bournival at 11:47 of 3rd period
Michael Bournival ejected from game at 11:47 of 3rd period
Brendan Guhle and Frank Corrado fight to a draw at 11:47 of 3rd period

CLEVELAND Monsters

5 vs 5 Forward 
   Center                   Left Wing                Right Wing               Time % Phy DF OF 
 1 Hunter Shinkaruk         Matt Puempel             Sergey Kalinin           40     0   2  3  
 2 Luke Johnson             Michael Bournival        Kailer Yamamoto          30     0   2  3  
 3 Ryan Kujawinski          Tom Sestito              Corey Tropp              20     0   3  2  
 4 Brett Seney              Ryan Bourque             Conor Garland            10     0   4  1  

5 vs 5 Defense 
   Defense                  Defense                                           Time % Phy DF OF 
 1 Tucker Poolman           Cody Goloubef                                     40     0   3  2  
 2 Frank Corrado            Mark Fayne                                        30     0   3  2  
 3 Brent Regner             Brycen Martin                                     20     0   4  1  
 4 Tucker Poolman           Cody Goloubef                                     10     0   4  1  

PowerPlay Forward 
   Center                   Left Wing                Right Wing               Time % Phy DF OF 
 1 Sergey Kalinin           Matt Puempel             Kailer Yamamoto          60     0   1  4  
 2 Hunter Shinkaruk         Michael Bournival        Corey Tropp              40     0   1  4  

PowerPlay Defense
   Defense                  Defense                                           Time % Phy DF OF 
 1 Tucker Poolman           Cody Goloubef                                     60     0   2  3  
 2 Frank Corrado            Mark Fayne                                        40     0   2  3  

Penalty Kill 4 Players Forward 
   Center                   Wing                     Time % Phy DF OF 
 1 Sergey Kalinin           Luke Johnson             60     0   4  1  
 2 Brett Seney              Michael Bournival        40     0   5  0  

Penalty Kill 4 Players Defense
   Defense                  Defense                  Time % Phy DF OF 
 1 Tucker Poolman           Cody Goloubef            60     0   5  0  
 2 Frank Corrado            Mark Fayne               40     0   5  0  

Penalty Kill - 3 Players Forward 
   Forward                                           Time % Phy DF OF 
 1 Sergey Kalinin                                    60     0   5  0  
 2 Brett Seney                                       40     0   5  0  

Penalty Kill - 3 Players Defense
   Defense                  Defense                  Time % Phy DF OF 
 1 Tucker Poolman           Cody Goloubef            60     0   5  0  
 2 Frank Corrado            Mark Fayne               40     0   5  0  

4 vs 4 Forward 
   Center                   Wing                     Time % Phy DF OF 
 1 Luke Johnson             Kailer Yamamoto          60     0   2  3  
 2 Sergey Kalinin           Matt Puempel             40     0   3  2  

4 vs 4 Defense
   Defense                  Defense                  Time % Phy DF OF 
 1 Tucker Poolman           Cody Goloubef            60     0   3  2  
 2 Frank Corrado            Mark Fayne               40     0   3  2  

Last Minutes Offensive
   Center                   Left Wing                Right Wing               Defense                  Defense                  
   Sergey Kalinin           Matt Puempel             Kailer Yamamoto          Tucker Poolman           Cody Goloubef            

Last Minutes Defensive
   Center                   Left Wing                Right Wing               Defense                  Defense                  
   Hunter Shinkaruk         Michael Bournival        Sergey Kalinin           Frank Corrado            Cody Goloubef            

Goaltenders
Starting : Harri Sateri             
Backup : Michael Hutchinson       
Third : David Rittich            

Extra Forwards
Normal : Brett Seney, Ryan Kujawinski, Tom Sestito - PP : Brett Seney, Ryan Kujawinski - PK : Tom Sestito
Extra Defensemen
Normal : Frank Corrado, Brent Regner, Brycen Martin - PP : Mark Fayne - PK : Mark Fayne, Frank Corrado
Penalty Shots
Matt Puempel, Corey Tropp, Michael Bournival, Tucker Poolman, Hunter Shinkaruk

MILWAUKEE Admirals

5 vs 5 Forward 
   Center                   Left Wing                Right Wing               Time % Phy DF OF 
 1 John Hayden              Anders Bjork             Mario Kempe              40     1   2  2  
 2 Jordan Szwarz            Kalle Kossila            Tanner Kero              30     1   2  2  
 3 Michael Spacek           Shane Gersich            Nicholas Baptiste        20     1   2  2  
 4 Axel Holmstrom           Henrik Haapala           John Hayden              10     1   2  2  

5 vs 5 Defense 
   Defense                  Defense                                           Time % Phy DF OF 
 1 Christian Folin          Duncan Siemens                                    40     1   2  2  
 2 Paul LaDue               Brendan Guhle                                     30     1   2  2  
 3 Nick Seeler              Keaton Thompson                                   20     1   2  2  
 4 Christian Folin          Duncan Siemens                                    10     1   2  2  

PowerPlay Forward 
   Center                   Left Wing                Right Wing               Time % Phy DF OF 
 1 John Hayden              Anders Bjork             Mario Kempe              60     1   2  2  
 2 Jordan Szwarz            Kalle Kossila            Tanner Kero              40     1   2  2  

PowerPlay Defense
   Defense                  Defense                                           Time % Phy DF OF 
 1 Christian Folin          Duncan Siemens                                    60     1   2  2  
 2 Paul LaDue               Brendan Guhle                                     40     1   2  2  

Penalty Kill 4 Players Forward 
   Center                   Wing                     Time % Phy DF OF 
 1 John Hayden              Mario Kempe              60     1   2  2  
 2 Anders Bjork             Jordan Szwarz            40     1   2  2  

Penalty Kill 4 Players Defense
   Defense                  Defense                  Time % Phy DF OF 
 1 Christian Folin          Duncan Siemens           60     1   2  2  
 2 Paul LaDue               Brendan Guhle            40     1   2  2  

Penalty Kill - 3 Players Forward 
   Forward                                           Time % Phy DF OF 
 1 John Hayden                                       60     1   2  2  
 2 Mario Kempe                                       40     1   2  2  

Penalty Kill - 3 Players Defense
   Defense                  Defense                  Time % Phy DF OF 
 1 Christian Folin          Duncan Siemens           60     1   2  2  
 2 Paul LaDue               Brendan Guhle            40     1   2  2  

4 vs 4 Forward 
   Center                   Wing                     Time % Phy DF OF 
 1 John Hayden              Mario Kempe              60     1   2  2  
 2 Anders Bjork             Jordan Szwarz            40     1   2  2  

4 vs 4 Defense
   Defense                  Defense                  Time % Phy DF OF 
 1 Christian Folin          Duncan Siemens           60     1   2  2  
 2 Paul LaDue               Brendan Guhle            40     1   2  2  

Last Minutes Offensive
   Center                   Left Wing                Right Wing               Defense                  Defense                  
   John Hayden              Anders Bjork             Mario Kempe              Christian Folin          Duncan Siemens           

Last Minutes Defensive
   Center                   Left Wing                Right Wing               Defense                  Defense                  
   John Hayden              Anders Bjork             Mario Kempe              Christian Folin          Duncan Siemens           

Goaltenders
Starting : Kristers Gudlevskis      
Backup : Mike McKenna             

Extra Forwards
Normal : Daniel Catenacci, Nicholas Baptiste, Michael Spacek - PP : Daniel Catenacci, Nicholas Baptiste - PK : Michael Spacek
Extra Defensemen
Normal : Nick Seeler, Keaton Thompson, Paul LaDue - PP : Nick Seeler - PK : Keaton Thompson, Paul LaDue
Penalty Shots
John Hayden, Mario Kempe, Anders Bjork, Jordan Szwarz, Tanner Kero


% Time on Ice - CLEVELAND Monsters

Lines # - Real PCT - Wanted PCT - Time Play
Normal Forward
1 - 35% - 40% - 15:21
2 - 32% - 30% - 13:58
3 - 23% - 20% - 10:05
4 - 9% - 10% - 4:01
Normal Defense
1 - 34% - 40% - 14:55
2 - 36% - 30% - 15:41
3 - 28% - 20% - 12:15
4 - 1% - 10% - 0:34
PP Forward
1 - 50% - 60% - 0:59
2 - 50% - 40% - 1:00
PP Defense
1 - 86% - 60% - 1:42
2 - 14% - 40% - 0:17
PK Forward
1 - 69% - 60% - 7:19
2 - 31% - 40% - 3:19
PK Defense
1 - 41% - 60% - 4:20
2 - 59% - 40% - 6:18
PK3 Forward
1 - 0% - 60%
2 - 0% - 40%
PK3 Defense
1 - 0% - 60%
2 - 0% - 40%
44 Forward
1 - 80% - 60% - 3:11
2 - 20% - 40% - 0:47
44 Defense
1 - 53% - 60% - 2:05
2 - 47% - 40% - 1:53
Last Minute Offensive  - 0:00
Last Minute Defensive  - 0:00
Total
Forward - 60:00
Defense - 60:00

% Time on Ice - MILWAUKEE Admirals

Lines # - Real PCT - Wanted PCT - Time Play
Normal Forward
1 - 29% - 40% - 12:46
2 - 35% - 30% - 15:12
3 - 25% - 20% - 11:01
4 - 10% - 10% - 4:26
Normal Defense
1 - 34% - 40% - 14:50
2 - 36% - 30% - 15:33
3 - 28% - 20% - 12:14
4 - 2% - 10% - 0:48
PP Forward
1 - 46% - 60% - 4:51
2 - 54% - 40% - 5:47
PP Defense
1 - 45% - 60% - 4:45
2 - 55% - 40% - 5:53
PK Forward
1 - 66% - 60% - 1:19
2 - 34% - 40% - 0:40
PK Defense
1 - 53% - 60% - 1:03
2 - 47% - 40% - 0:56
PK3 Forward
1 - 77% - 60% - 1:32
2 - 23% - 40% - 0:27
PK3 Defense
1 - 63% - 60% - 1:15
2 - 37% - 40% - 0:44
44 Forward
1 - 67% - 60% - 1:20
2 - 33% - 40% - 0:39
44 Defense
1 - 55% - 60% - 1:05
2 - 45% - 40% - 0:54
Last Minute Offensive  - 0:00
Last Minute Defensive  - 0:00
Total
Forward - 60:00
Defense - 60:00

Play by Play

1st period


0:01 of 1st period - John Hayden wins face-off versus Hunter Shinkaruk in neutral zone.
0:11 of 1st period - Shot by John Hayden.
0:11 of 1st period - Stopped by Harri Sateri without a rebound.
0:12 of 1st period - Jordan Szwarz wins face-off versus Luke Johnson in CLEVELAND Monsters zone.
0:12 of 1st period - Jordan Szwarz is hit by Mark Fayne.
0:38 of 1st period - Kailer Yamamoto is hit by Paul LaDue and loses puck.
1:21 of 1st period - Shot by Sergey Kalinin.
1:21 of 1st period - Shot Misses the Net.
1:37 of 1st period - Shot by Matt Puempel.
1:37 of 1st period - Shot Misses the Net.
1:39 of 1st period - Shot by Sergey Kalinin.
1:39 of 1st period - Shot Misses the Net.
2:13 of 1st period - Shot by John Hayden.
2:13 of 1st period - Stopped by Harri Sateri without a rebound.
2:14 of 1st period - Brett Seney wins face-off versus Axel Holmstrom in CLEVELAND Monsters zone.
3:07 of 1st period - Shot by Kailer Yamamoto.
3:07 of 1st period - Shot Misses the Net.
3:15 of 1st period - Shot by Jordan Szwarz.
3:15 of 1st period - Stopped by Harri Sateri without a rebound.
3:16 of 1st period - Jordan Szwarz wins face-off versus Hunter Shinkaruk in CLEVELAND Monsters zone.
3:25 of 1st period - Shot by Matt Puempel.
3:25 of 1st period - Stopped by Kristers Gudlevskis with a rebound.
3:27 of 1st period - Shot by Matt Puempel.
3:27 of 1st period - Goal by Matt Puempel - CLEVELAND Monsters : 1 - MILWAUKEE Admirals : 0.
3:28 of 1st period - Michael Spacek wins face-off versus Ryan Kujawinski in neutral zone.
3:30 of 1st period - Keaton Thompson is hit by Tom Sestito and loses puck.
3:34 of 1st period - Off-side.
3:35 of 1st period - Michael Spacek wins face-off versus Sergey Kalinin in neutral zone.
3:49 of 1st period - Icing by Brycen Martin.
3:50 of 1st period - John Hayden wins face-off versus Hunter Shinkaruk in CLEVELAND Monsters zone.
5:02 of 1st period - Icing by Kalle Kossila.
5:03 of 1st period - Jordan Szwarz wins face-off versus Luke Johnson in MILWAUKEE Admirals zone.
5:05 of 1st period - Minor Penalty to Michael Bournival for Hooking.
5:06 of 1st period - Sergey Kalinin wins face-off versus Jordan Szwarz in CLEVELAND Monsters zone.
5:21 of 1st period - Frank Corrado is hit by Kalle Kossila and loses puck.
7:25 of 1st period - Shot by Ryan Bourque.
7:25 of 1st period - Shot Misses the Net.
8:36 of 1st period - Shot by Tom Sestito.
8:36 of 1st period - Shot Blocked by Christian Folin.
8:38 of 1st period - Shot by Ryan Kujawinski.
8:38 of 1st period - Deflect By Corey Tropp.
8:38 of 1st period - Stopped by Kristers Gudlevskis without a rebound.
8:39 of 1st period - Daniel Catenacci wins face-off versus Luke Johnson in MILWAUKEE Admirals zone.
9:45 of 1st period - Shot by Michael Spacek.
9:45 of 1st period - Shot Blocked by Frank Corrado.
9:47 of 1st period - Shot by Shane Gersich.
9:47 of 1st period - Goal by Shane Gersich - CLEVELAND Monsters : 1 - MILWAUKEE Admirals : 1.
9:48 of 1st period - Ryan Kujawinski wins face-off versus Jordan Szwarz in neutral zone.
10:15 of 1st period - Shot by Jordan Szwarz.
10:15 of 1st period - Deflect By Tanner Kero.
10:15 of 1st period - Shot Misses the Net.
10:51 of 1st period - Matt Puempel is hit by Nick Seeler and loses puck.
11:35 of 1st period - Icing by Sergey Kalinin.
11:36 of 1st period - Michael Spacek wins face-off versus Hunter Shinkaruk in CLEVELAND Monsters zone.
11:47 of 1st period - Shot by Shane Gersich.
11:47 of 1st period - Stopped by Harri Sateri with a rebound.
11:49 of 1st period - Shot by Brendan Guhle.
11:49 of 1st period - Stopped by Harri Sateri with a rebound.
11:51 of 1st period - Shot by Brendan Guhle.
11:51 of 1st period - Goal by Brendan Guhle - CLEVELAND Monsters : 1 - MILWAUKEE Admirals : 2.
11:52 of 1st period - Jordan Szwarz wins face-off versus Luke Johnson in neutral zone.
11:56 of 1st period - Minor Penalty to Frank Corrado for Diving.
11:57 of 1st period - Brett Seney wins face-off versus Jordan Szwarz in CLEVELAND Monsters zone.
12:15 of 1st period - Icing by Tanner Kero.
12:16 of 1st period - Kalle Kossila wins face-off versus Brett Seney in MILWAUKEE Admirals zone.
12:31 of 1st period - Shot by Brendan Guhle.
12:31 of 1st period - Goal by Brendan Guhle - CLEVELAND Monsters : 1 - MILWAUKEE Admirals : 3.
12:32 of 1st period - John Hayden wins face-off versus Luke Johnson in neutral zone.
12:48 of 1st period - Shot by John Hayden.
12:48 of 1st period - Stopped by Harri Sateri without a rebound.
12:49 of 1st period - Michael Spacek wins face-off versus Ryan Kujawinski in CLEVELAND Monsters zone.
12:54 of 1st period - Shot by Shane Gersich.
12:54 of 1st period - Shot Misses the Net.
13:19 of 1st period - Shot by Nicholas Baptiste.
13:19 of 1st period - Stopped by Harri Sateri with a rebound.
13:44 of 1st period - Michael Bournival is hit by Duncan Siemens and loses puck.
13:55 of 1st period - Shot by Anders Bjork.
13:55 of 1st period - Deflect By Mario Kempe.
13:55 of 1st period - Shot Blocked by Mark Fayne.
13:57 of 1st period - Shot by Duncan Siemens.
13:57 of 1st period - Stopped by Harri Sateri without a rebound.
13:58 of 1st period - Jordan Szwarz wins face-off versus Hunter Shinkaruk in CLEVELAND Monsters zone.
14:24 of 1st period - Shot by Hunter Shinkaruk.
14:24 of 1st period - Shot Misses the Net.
14:26 of 1st period - Shot by Hunter Shinkaruk.
14:26 of 1st period - Shot Misses the Net.
14:28 of 1st period - Shot by Brycen Martin.
14:28 of 1st period - Stopped by Kristers Gudlevskis without a rebound.
14:29 of 1st period - Luke Johnson wins face-off versus John Hayden in MILWAUKEE Admirals zone.
14:57 of 1st period - John Hayden is hit by Cody Goloubef and loses puck.
15:00 of 1st period - Shot by Mario Kempe.
15:00 of 1st period - Shot Misses the Net.
15:19 of 1st period - Minor Penalty to Cody Goloubef for Roughing.
15:20 of 1st period - Sergey Kalinin wins face-off versus Jordan Szwarz in CLEVELAND Monsters zone.
15:50 of 1st period - Shot by Tanner Kero.
15:50 of 1st period - Shot Misses the Net.
15:52 of 1st period - Shot by Tanner Kero.
15:52 of 1st period - Stopped by Harri Sateri without a rebound.
15:53 of 1st period - John Hayden wins face-off versus Sergey Kalinin in CLEVELAND Monsters zone.
16:12 of 1st period - Icing by Christian Folin.
16:13 of 1st period - Sergey Kalinin wins face-off versus John Hayden in MILWAUKEE Admirals zone.
17:06 of 1st period - Shot by Tanner Kero.
17:06 of 1st period - Shot Misses the Net.
17:08 of 1st period - Shot by Tanner Kero.
17:08 of 1st period - Goal by Tanner Kero - CLEVELAND Monsters : 1 - MILWAUKEE Admirals : 4.
17:08 of 1st period - Michael Hutchinson enters game.
17:09 of 1st period - Michael Spacek wins face-off versus Ryan Kujawinski in neutral zone.
17:16 of 1st period - Shot by Cody Goloubef.
17:16 of 1st period - Shot Misses the Net.
17:26 of 1st period - Shot by Keaton Thompson.
17:26 of 1st period - Stopped by Michael Hutchinson with a rebound.
17:42 of 1st period - Tom Sestito is hit by Keaton Thompson and loses puck.
18:26 of 1st period - Shot by Jordan Szwarz.
18:26 of 1st period - Stopped by Michael Hutchinson without a rebound.
18:27 of 1st period - John Hayden wins face-off versus Brett Seney in CLEVELAND Monsters zone.
18:31 of 1st period - Icing by Brent Regner.
18:32 of 1st period - John Hayden wins face-off versus Brett Seney in CLEVELAND Monsters zone.
18:46 of 1st period - Shot by John Hayden.
18:46 of 1st period - Stopped by Michael Hutchinson without a rebound.
18:47 of 1st period - Luke Johnson wins face-off versus Jordan Szwarz in CLEVELAND Monsters zone.
18:59 of 1st period - Icing by Duncan Siemens.
19:00 of 1st period - Jordan Szwarz wins face-off versus Hunter Shinkaruk in MILWAUKEE Admirals zone.
19:00 of 1st period - Jordan Szwarz is hit by Sergey Kalinin.
19:22 of 1st period - Shot by Hunter Shinkaruk.
19:22 of 1st period - Shot Misses the Net.
19:24 of 1st period - Shot by Sergey Kalinin.
19:24 of 1st period - Shot Misses the Net.
19:26 of 1st period - Shot by Sergey Kalinin.
19:26 of 1st period - Shot Misses the Net.
19:28 of 1st period - Shot by Sergey Kalinin.
19:28 of 1st period - Shot Misses the Net.
19:30 of 1st period - Shot by Hunter Shinkaruk.
19:30 of 1st period - Shot Blocked by Christian Folin.
19:44 of 1st period - Frank Corrado is hit by Tanner Kero and loses puck.
Goals for this period are 1 for CLEVELAND Monsters vs 4 for MILWAUKEE Admirals.
Shots for this period are 4 for CLEVELAND Monsters vs 16 for MILWAUKEE Admirals.

2nd period


0:01 of 2nd period - John Hayden wins face-off versus Hunter Shinkaruk in neutral zone.
1:14 of 2nd period - Shot by Jordan Szwarz.
1:14 of 2nd period - Stopped by Michael Hutchinson with a rebound.
1:49 of 2nd period - Shot by Shane Gersich.
1:49 of 2nd period - Shot Misses the Net.
2:04 of 2nd period - Off-side.
2:05 of 2nd period - Luke Johnson wins face-off versus Henrik Haapala in neutral zone.
3:01 of 2nd period - Shot by Ryan Kujawinski.
3:01 of 2nd period - Deflect By Corey Tropp.
3:01 of 2nd period - Stopped by Kristers Gudlevskis without a rebound.
3:02 of 2nd period - Brett Seney wins face-off versus Jordan Szwarz in MILWAUKEE Admirals zone.
3:56 of 2nd period - Off-side.
3:57 of 2nd period - Shane Gersich wins face-off versus Luke Johnson in neutral zone.
4:13 of 2nd period - Shot by Luke Johnson.
4:13 of 2nd period - Stopped by Kristers Gudlevskis with a rebound.
4:55 of 2nd period - Icing by Michael Bournival.
4:56 of 2nd period - Luke Johnson wins face-off versus Jordan Szwarz in CLEVELAND Monsters zone.
4:56 of 2nd period - Luke Johnson is hit by Jordan Szwarz.
5:12 of 2nd period - Shot by Tom Sestito.
5:12 of 2nd period - Stopped by Kristers Gudlevskis without a rebound.
5:13 of 2nd period - John Hayden wins face-off versus Ryan Kujawinski in MILWAUKEE Admirals zone.
5:21 of 2nd period - Icing by Brendan Guhle.
5:22 of 2nd period - John Hayden wins face-off versus Brett Seney in MILWAUKEE Admirals zone.
5:22 of 2nd period - John Hayden is hit by Brett Seney.
5:28 of 2nd period - Shot by John Hayden.
5:28 of 2nd period - Shot Misses the Net.
5:41 of 2nd period - Shot by Brett Seney.
5:41 of 2nd period - Stopped by Kristers Gudlevskis without a rebound.
5:42 of 2nd period - Hunter Shinkaruk wins face-off versus Jordan Szwarz in MILWAUKEE Admirals zone.
6:47 of 2nd period - Icing by Keaton Thompson.
6:48 of 2nd period - John Hayden wins face-off versus Luke Johnson in MILWAUKEE Admirals zone.
6:52 of 2nd period - Icing by Mario Kempe.
6:53 of 2nd period - John Hayden wins face-off versus Luke Johnson in MILWAUKEE Admirals zone.
7:05 of 2nd period - Icing by Mario Kempe.
7:06 of 2nd period - Brett Seney wins face-off versus John Hayden in MILWAUKEE Admirals zone.
7:09 of 2nd period - Shot by Brett Seney.
7:09 of 2nd period - Stopped by Kristers Gudlevskis without a rebound.
7:10 of 2nd period - John Hayden wins face-off versus Hunter Shinkaruk in MILWAUKEE Admirals zone.
7:14 of 2nd period - Off-side.
7:15 of 2nd period - Hunter Shinkaruk wins face-off versus John Hayden in neutral zone.
7:32 of 2nd period - Anders Bjork is hit by Frank Corrado and loses puck.
7:36 of 2nd period - Anders Bjork is hit by Mark Fayne and loses puck.
8:10 of 2nd period - Shot by Jordan Szwarz.
8:10 of 2nd period - Shot Misses the Net.
8:12 of 2nd period - Shot by Christian Folin.
8:12 of 2nd period - Stopped by Michael Hutchinson without a rebound.
8:12 of 2nd period - Duncan Siemens and Frank Corrado fight to a draw.
8:12 of 2nd period - Penalty to Duncan Siemens for Fighting.
8:12 of 2nd period - Penalty to Frank Corrado for Fighting.
8:12 of 2nd period - Minor Penalty to Tanner Kero for Boarding.
8:12 of 2nd period - Minor Penalty to Jordan Szwarz for Slashing.
8:12 of 2nd period - Minor Penalty to Mark Fayne for Roughing.
8:12 of 2nd period - Minor Penalty to Sergey Kalinin for Roughing.
8:12 of 2nd period - Minor Penalty to Kalle Kossila for Tripping.
8:13 of 2nd period - Luke Johnson wins face-off versus John Hayden in MILWAUKEE Admirals zone.
8:21 of 2nd period - Icing by Kailer Yamamoto.
8:22 of 2nd period - John Hayden wins face-off versus Luke Johnson in CLEVELAND Monsters zone.
8:36 of 2nd period - Off-side.
8:37 of 2nd period - John Hayden wins face-off versus Luke Johnson in neutral zone.
8:50 of 2nd period - Shot by Tucker Poolman.
8:50 of 2nd period - Stopped by Kristers Gudlevskis without a rebound.
8:51 of 2nd period - Luke Johnson wins face-off versus John Hayden in MILWAUKEE Admirals zone.
10:31 of 2nd period - Shot by Tanner Kero.
10:31 of 2nd period - Goal by Tanner Kero - CLEVELAND Monsters : 1 - MILWAUKEE Admirals : 5.
10:32 of 2nd period - Michael Spacek wins face-off versus Luke Johnson in neutral zone.
10:58 of 2nd period - Minor Penalty to Mark Fayne for Tripping.
10:59 of 2nd period - Jordan Szwarz wins face-off versus Ryan Kujawinski in CLEVELAND Monsters zone.
11:07 of 2nd period - Jordan Szwarz is hit by Cody Goloubef and loses puck.
11:10 of 2nd period - Shot by Tanner Kero.
11:10 of 2nd period - Shot Blocked by Tucker Poolman.
11:12 of 2nd period - Shot by Tanner Kero.
11:12 of 2nd period - Deflect By Jordan Szwarz.
11:12 of 2nd period - Stopped by Michael Hutchinson without a rebound.
11:13 of 2nd period - John Hayden wins face-off versus Hunter Shinkaruk in CLEVELAND Monsters zone.
11:27 of 2nd period - Double Minor Penalty to Brycen Martin for High sticking.
11:28 of 2nd period - Kalle Kossila wins face-off versus Sergey Kalinin in CLEVELAND Monsters zone.
11:56 of 2nd period - Shot by Kalle Kossila.
11:56 of 2nd period - Shot Blocked by Brent Regner.
11:58 of 2nd period - Shot by Brendan Guhle.
11:58 of 2nd period - Stopped by Michael Hutchinson with a rebound.
12:00 of 2nd period - Shot by Tanner Kero.
12:00 of 2nd period - Shot Misses the Net.
12:04 of 2nd period - Shot by Kalle Kossila.
12:04 of 2nd period - Stopped by Michael Hutchinson with a rebound.
12:20 of 2nd period - Tom Sestito is hit by John Hayden and loses puck.
13:16 of 2nd period - Jordan Szwarz is hit by Corey Tropp and loses puck.
13:38 of 2nd period - Shot by Christian Folin.
13:38 of 2nd period - Shot Hit the Post.
13:40 of 2nd period - Shot by Duncan Siemens.
13:40 of 2nd period - Shot Misses the Net.
13:42 of 2nd period - Shot by Christian Folin.
13:42 of 2nd period - Stopped by Michael Hutchinson without a rebound.
13:43 of 2nd period - John Hayden wins face-off versus Sergey Kalinin in CLEVELAND Monsters zone.
14:45 of 2nd period - Off-side.
14:46 of 2nd period - Sergey Kalinin wins face-off versus Daniel Catenacci in neutral zone.
15:07 of 2nd period - Shot by Daniel Catenacci.
15:07 of 2nd period - Shot Misses the Net.
15:09 of 2nd period - Shot by Christian Folin.
15:09 of 2nd period - Stopped by Michael Hutchinson without a rebound.
15:10 of 2nd period - John Hayden wins face-off versus Brett Seney in CLEVELAND Monsters zone.
15:41 of 2nd period - Shot by Ryan Kujawinski.
15:41 of 2nd period - Stopped by Kristers Gudlevskis with a rebound.
15:43 of 2nd period - Shot by Tom Sestito.
15:43 of 2nd period - Stopped by Kristers Gudlevskis without a rebound.
15:44 of 2nd period - Axel Holmstrom wins face-off versus Brett Seney in MILWAUKEE Admirals zone.
16:01 of 2nd period - Shot by Conor Garland.
16:01 of 2nd period - Shot Misses the Net.
16:03 of 2nd period - Shot by Frank Corrado.
16:03 of 2nd period - Stopped by Kristers Gudlevskis without a rebound.
16:04 of 2nd period - Jordan Szwarz wins face-off versus Ryan Kujawinski in MILWAUKEE Admirals zone.
16:15 of 2nd period - Shot by Kalle Kossila.
16:15 of 2nd period - Shot Misses the Net.
16:17 of 2nd period - Shot by Christian Folin.
16:17 of 2nd period - Stopped by Michael Hutchinson without a rebound.
16:18 of 2nd period - Luke Johnson wins face-off versus Nicholas Baptiste in CLEVELAND Monsters zone.
16:44 of 2nd period - Shot by Shane Gersich.
16:44 of 2nd period - Stopped by Michael Hutchinson with a rebound.
16:46 of 2nd period - Shot by Shane Gersich.
16:46 of 2nd period - Deflect By Michael Spacek.
16:46 of 2nd period - Stopped by Michael Hutchinson without a rebound.
16:47 of 2nd period - Hunter Shinkaruk wins face-off versus Jordan Szwarz in CLEVELAND Monsters zone.
17:05 of 2nd period - Minor Penalty to Sergey Kalinin for Hooking.
17:06 of 2nd period - Tom Sestito wins face-off versus John Hayden in CLEVELAND Monsters zone.
17:21 of 2nd period - Shot by Mario Kempe.
17:21 of 2nd period - Shot Blocked by Cody Goloubef.
17:41 of 2nd period - Shot by John Hayden.
17:41 of 2nd period - Shot Misses the Net.
18:04 of 2nd period - Shot by Matt Puempel.
18:04 of 2nd period - Stopped by Kristers Gudlevskis with a rebound.
19:59 of 2nd period - Shot by Axel Holmstrom.
19:59 of 2nd period - Stopped by Michael Hutchinson without a rebound.
Goals for this period are 0 for CLEVELAND Monsters vs 1 for MILWAUKEE Admirals.
Shots for this period are 10 for CLEVELAND Monsters vs 12 for MILWAUKEE Admirals.

3rd period


0:01 of 3rd period - John Hayden wins face-off versus Hunter Shinkaruk in neutral zone.
0:20 of 3rd period - Shot by Sergey Kalinin.
0:20 of 3rd period - Stopped by Kristers Gudlevskis with a rebound.
0:22 of 3rd period - Shot by Sergey Kalinin.
0:22 of 3rd period - Shot Misses the Net.
0:56 of 3rd period - Mark Fayne is hit by John Hayden and loses puck.
1:09 of 3rd period - Off-side.
1:10 of 3rd period - Jordan Szwarz wins face-off versus Tom Sestito in neutral zone.
1:12 of 3rd period - Off-side.
1:13 of 3rd period - Ryan Kujawinski wins face-off versus Jordan Szwarz in neutral zone.
1:13 of 3rd period - Corey Tropp is hit by Kalle Kossila and loses puck.
1:17 of 3rd period - Off-side.
1:18 of 3rd period - Kailer Yamamoto wins face-off versus Jordan Szwarz in neutral zone.
1:22 of 3rd period - Shot by Luke Johnson.
1:22 of 3rd period - Shot Misses the Net.
1:24 of 3rd period - Shot by Michael Bournival.
1:24 of 3rd period - Stopped by Kristers Gudlevskis without a rebound.
1:25 of 3rd period - Luke Johnson wins face-off versus Jordan Szwarz in MILWAUKEE Admirals zone.
1:25 of 3rd period - Kailer Yamamoto is hit by Brendan Guhle.
2:04 of 3rd period - Brendan Guhle is hit by Michael Bournival and loses puck.
2:59 of 3rd period - Icing by Keaton Thompson.
3:00 of 3rd period - Tom Sestito wins face-off versus Michael Spacek in MILWAUKEE Admirals zone.
3:13 of 3rd period - Icing by Keaton Thompson.
3:14 of 3rd period - Brett Seney wins face-off versus Michael Spacek in MILWAUKEE Admirals zone.
3:35 of 3rd period - Shot by Brett Seney.
3:35 of 3rd period - Stopped by Kristers Gudlevskis without a rebound.
3:36 of 3rd period - John Hayden wins face-off versus Hunter Shinkaruk in MILWAUKEE Admirals zone.
3:36 of 3rd period - John Hayden is hit by Sergey Kalinin.
3:42 of 3rd period - Shot by John Hayden.
3:42 of 3rd period - Stopped by Michael Hutchinson without a rebound.
3:43 of 3rd period - Hunter Shinkaruk wins face-off versus John Hayden in CLEVELAND Monsters zone.
3:49 of 3rd period - Icing by Matt Puempel.
3:50 of 3rd period - John Hayden wins face-off versus Hunter Shinkaruk in CLEVELAND Monsters zone.
3:53 of 3rd period - Shot by Anders Bjork.
3:53 of 3rd period - Shot Misses the Net.
3:55 of 3rd period - Shot by Mario Kempe.
3:55 of 3rd period - Stopped by Michael Hutchinson without a rebound.
3:56 of 3rd period - Hunter Shinkaruk wins face-off versus John Hayden in CLEVELAND Monsters zone.
3:56 of 3rd period - Hunter Shinkaruk is hit by Mario Kempe.
4:07 of 3rd period - Hunter Shinkaruk is hit by Christian Folin and loses puck.
4:26 of 3rd period - Shot by John Hayden.
4:26 of 3rd period - Stopped by Michael Hutchinson without a rebound.
4:27 of 3rd period - Jordan Szwarz wins face-off versus Luke Johnson in CLEVELAND Monsters zone.
4:29 of 3rd period - Minor Penalty to Frank Corrado for Tripping.
4:30 of 3rd period - Sergey Kalinin wins face-off versus Jordan Szwarz in CLEVELAND Monsters zone.
4:30 of 3rd period - Sergey Kalinin is hit by Jordan Szwarz.
4:46 of 3rd period - Shot by Kalle Kossila.
4:46 of 3rd period - Goal by Kalle Kossila - CLEVELAND Monsters : 1 - MILWAUKEE Admirals : 6.
4:47 of 3rd period - John Hayden wins face-off versus Ryan Kujawinski in neutral zone.
5:11 of 3rd period - Icing by Cody Goloubef.
5:12 of 3rd period - Ryan Kujawinski wins face-off versus Jordan Szwarz in CLEVELAND Monsters zone.
5:55 of 3rd period - Shot by Mark Fayne.
5:55 of 3rd period - Stopped by Kristers Gudlevskis with a rebound.
6:04 of 3rd period - Off-side.
6:05 of 3rd period - John Hayden wins face-off versus Luke Johnson in neutral zone.
6:26 of 3rd period - Shot by John Hayden.
6:26 of 3rd period - Shot Misses the Net.
6:28 of 3rd period - Shot by John Hayden.
6:28 of 3rd period - Stopped by Michael Hutchinson without a rebound.
6:29 of 3rd period - Hunter Shinkaruk wins face-off versus Michael Spacek in CLEVELAND Monsters zone.
6:37 of 3rd period - Nick Seeler is hit by Mark Fayne and loses puck.
6:51 of 3rd period - Sergey Kalinin is hit by Nicholas Baptiste and loses puck.
7:28 of 3rd period - Kailer Yamamoto is hit by Christian Folin and loses puck.
7:42 of 3rd period - Shot by Anders Bjork.
7:42 of 3rd period - Deflect By John Hayden.
7:42 of 3rd period - Stopped by Michael Hutchinson without a rebound.
7:43 of 3rd period - Jordan Szwarz wins face-off versus Ryan Kujawinski in CLEVELAND Monsters zone.
8:00 of 3rd period - Shot by Paul LaDue.
8:00 of 3rd period - Stopped by Michael Hutchinson without a rebound.
8:01 of 3rd period - John Hayden wins face-off versus Brett Seney in CLEVELAND Monsters zone.
8:10 of 3rd period - Shot by Conor Garland.
8:10 of 3rd period - Stopped by Kristers Gudlevskis without a rebound.
8:11 of 3rd period - Luke Johnson wins face-off versus Jordan Szwarz in MILWAUKEE Admirals zone.
8:16 of 3rd period - Shot by Kailer Yamamoto.
8:16 of 3rd period - Shot Hit the Post.
8:18 of 3rd period - Shot by Michael Bournival.
8:18 of 3rd period - Goal by Michael Bournival - CLEVELAND Monsters : 2 - MILWAUKEE Admirals : 6.
8:19 of 3rd period - Hunter Shinkaruk wins face-off versus John Hayden in neutral zone.
8:50 of 3rd period - Shot by John Hayden.
8:50 of 3rd period - Shot Misses the Net.
9:03 of 3rd period - Icing by Matt Puempel.
9:04 of 3rd period - Matt Puempel wins face-off versus Jordan Szwarz in CLEVELAND Monsters zone.
9:15 of 3rd period - Shot by Jordan Szwarz.
9:15 of 3rd period - Shot Misses the Net.
9:33 of 3rd period - Shot by Tanner Kero.
9:33 of 3rd period - Stopped by Michael Hutchinson without a rebound.
9:34 of 3rd period - Michael Spacek wins face-off versus Kailer Yamamoto in CLEVELAND Monsters zone.
9:36 of 3rd period - Shane Gersich is hit by Frank Corrado and loses puck.
9:41 of 3rd period - Shot by Michael Spacek.
9:41 of 3rd period - Stopped by Michael Hutchinson without a rebound.
9:42 of 3rd period - Luke Johnson wins face-off versus Nicholas Baptiste in CLEVELAND Monsters zone.
9:42 of 3rd period - Luke Johnson is hit by Michael Spacek.
9:57 of 3rd period - Kailer Yamamoto is hit by Keaton Thompson and loses puck.
10:11 of 3rd period - Shot by Frank Corrado.
10:11 of 3rd period - Stopped by Kristers Gudlevskis without a rebound.
10:12 of 3rd period - Ryan Kujawinski wins face-off versus Anders Bjork in MILWAUKEE Admirals zone.
10:41 of 3rd period - Shot by Corey Tropp.
10:41 of 3rd period - Shot Misses the Net.
10:43 of 3rd period - Shot by Tom Sestito.
10:43 of 3rd period - Shot Misses the Net.
11:37 of 3rd period - Kailer Yamamoto is hit by Brendan Guhle and loses puck.
11:47 of 3rd period - Jordan Szwarz and Luke Johnson fight to a draw.
11:47 of 3rd period - Penalty to Jordan Szwarz for Fighting.
11:47 of 3rd period - Penalty to Luke Johnson for Fighting.
11:47 of 3rd period - Paul LaDue beats up Michael Bournival.
11:47 of 3rd period - Penalty to Paul LaDue for Fighting.
11:47 of 3rd period - Penalty to Michael Bournival for Fighting.
11:47 of 3rd period - Penalty to Michael Bournival for instigated a fight.
11:47 of 3rd period - Michael Bournival is ejected from game.
11:47 of 3rd period - Brendan Guhle and Frank Corrado fight to a draw.
11:47 of 3rd period - Penalty to Brendan Guhle for Fighting.
11:47 of 3rd period - Penalty to Frank Corrado for Fighting.
11:47 of 3rd period - Minor Penalty to Tanner Kero for Roughing.
11:47 of 3rd period - Minor Penalty to Kailer Yamamoto for Cross-checking.
11:47 of 3rd period - Minor Penalty to Kalle Kossila for High sticking.
11:48 of 3rd period - Brett Seney wins face-off versus John Hayden in MILWAUKEE Admirals zone.
11:49 of 3rd period - Shot by Tucker Poolman.
11:49 of 3rd period - Stopped by Kristers Gudlevskis with a rebound.
11:51 of 3rd period - Shot by Cody Goloubef.
11:51 of 3rd period - Stopped by Kristers Gudlevskis with a rebound.
12:04 of 3rd period - Brett Seney is hit by Christian Folin and loses puck.
12:07 of 3rd period - Shot by Brett Seney.
12:07 of 3rd period - Stopped by Kristers Gudlevskis without a rebound.
12:08 of 3rd period - John Hayden wins face-off versus Brett Seney in MILWAUKEE Admirals zone.
13:34 of 3rd period - Icing by Mark Fayne.
13:35 of 3rd period - Nicholas Baptiste wins face-off versus Matt Puempel in CLEVELAND Monsters zone.
14:12 of 3rd period - Icing by Cody Goloubef.
14:13 of 3rd period - Brett Seney wins face-off versus Axel Holmstrom in CLEVELAND Monsters zone.
14:13 of 3rd period - Brett Seney is hit by John Hayden.
14:42 of 3rd period - John Hayden is hit by Corey Tropp and loses puck.
15:32 of 3rd period - Shot by Shane Gersich.
15:32 of 3rd period - Shot Misses the Net.
15:34 of 3rd period - Shot by Michael Spacek.
15:34 of 3rd period - Stopped by Michael Hutchinson with a rebound.
15:36 of 3rd period - Shot by John Hayden.
15:36 of 3rd period - Shot Misses the Net.
15:38 of 3rd period - Shot by Michael Spacek.
15:38 of 3rd period - Deflect By Shane Gersich.
15:38 of 3rd period - Shot Misses the Net.
17:48 of 3rd period - Minor Penalty to Keaton Thompson for High sticking.
17:49 of 3rd period - Sergey Kalinin wins face-off versus Mario Kempe in MILWAUKEE Admirals zone.
17:50 of 3rd period - Shot by Matt Puempel.
17:50 of 3rd period - Shot Misses the Net.
17:52 of 3rd period - Shot by Cody Goloubef.
17:52 of 3rd period - Shot Misses the Net.
18:00 of 3rd period - Shot by Sergey Kalinin.
18:00 of 3rd period - Shot Misses the Net.
18:06 of 3rd period - Shot by Matt Puempel.
18:06 of 3rd period - Stopped by Kristers Gudlevskis with a rebound.
18:08 of 3rd period - Shot by Sergey Kalinin.
18:08 of 3rd period - Stopped by Kristers Gudlevskis without a rebound.
18:09 of 3rd period - Luke Johnson wins face-off versus Anders Bjork in MILWAUKEE Admirals zone.
18:35 of 3rd period - Icing by Corey Tropp.
18:36 of 3rd period - Mario Kempe wins face-off versus Corey Tropp in CLEVELAND Monsters zone.
19:25 of 3rd period - Anders Bjork is hit by Kailer Yamamoto and loses puck.
19:39 of 3rd period - Hunter Shinkaruk is hit by Paul LaDue and loses puck.
19:44 of 3rd period - Shot by Mark Fayne.
19:44 of 3rd period - Stopped by Kristers Gudlevskis without a rebound.
19:45 of 3rd period - Hunter Shinkaruk wins face-off versus Mario Kempe in MILWAUKEE Admirals zone.
19:45 of 3rd period - Hunter Shinkaruk is hit by Christian Folin.
19:51 of 3rd period - Shot by Ryan Bourque.
19:51 of 3rd period - Stopped by Kristers Gudlevskis without a rebound.
19:52 of 3rd period - Luke Johnson wins face-off versus Jordan Szwarz in MILWAUKEE Admirals zone.
19:57 of 3rd period - Shot by Kailer Yamamoto.
19:57 of 3rd period - Shot Blocked by Keaton Thompson.
Goals for this period are 1 for CLEVELAND Monsters vs 1 for MILWAUKEE Admirals.
Shots for this period are 14 for CLEVELAND Monsters vs 10 for MILWAUKEE Admirals.